 Dungeon Crawl Stone Soup version 0.21.1-1-g345015f (webtiles) character file.

6 tidbits the Grave Robber (level 1, 8/13 HPs)
             Began as a Gnoll Necromancer on June 29, 2018.
             Was a Follower of Zin.
             Quit the game on level 2 of the Dungeon.
             The game lasted 00:01:08 (114 turns).

tidbits the Grave Robber (Gnoll Necromancer)         Turns: 114, Time: 00:01:09

Health: 8/13       AC:  2    Str: 10    XL:     1   Next: 90%
Magic:  6/6        EV: 14    Int: 17    God:    Zin [*.....]
Gold:   14         SH:  0    Dex: 15    Spells: 8/9 levels left

rFire    . . .     SeeInvis .   e - +0 dagger
rCold    . . .     Gourm    .   (no shield)
rNeg     . . .     Faith    .   a - +0 robe
rPois    .         Spirit   .   (no helmet)
rElec    .         Reflect  .   (no cloak)
rCorr    .         Harm     .   (no gloves)
MR       .....                  (no boots)
Stlth    +++.......             (no amulet)
HPRegen  0.04/turn              (no ring)
MPRegen  0.10/turn              (no ring)

@: flying
A: distributed training, fangs 1, strong nose
a: Recite, Donate Gold, Renounce Religion


You were on level 2 of the Dungeon.
You worshipped Zin.
Zin was aware of your devotion.
You were not hungry.

You visited 1 branch of the dungeon, and saw 2 of its levels.

You collected 15 gold pieces.
You donated 1 gold pieces to Zin.

Inventory:

Hand Weapons
 e - a +0 dagger (weapon)
Armour
 a - a +0 robe (worn)
Scrolls
 d - a scroll of identify {unknown}
Books
 b - a book of Necromancy

   Spells                             Type                      Level
   a - Pain                           Necromancy                   1
   b - Animate Skeleton               Necromancy                   1
   c - Vampiric Draining              Necromancy                   3
   d - Regeneration                   Charms/Necromancy            3
   e - Animate Dead                   Necromancy                   4
   f - Borgnjor's Vile Clutch         Necromancy/Earth             5
   Zin disapproves of the use of such an item.
Comestibles
 c - 2 rations


   Skills:
 + Level 0.1 Fighting
 + Level 0.1 Short Blades
 + Level 0.1 Long Blades
 + Level 0.1 Axes
 + Level 0.1 Maces & Flails
 + Level 0.1 Polearms
 + Level 0.1 Staves
 + Level 0.1 Slings
 + Level 0.1 Bows
 + Level 0.1 Crossbows
 + Level 0.1 Throwing
 + Level 0.1 Armour
 + Level 4.4 Dodging
 + Level 4.0 Stealth
 + Level 0.1 Shields
 + Level 0.1 Unarmed Combat
 + Level 4.9 Spellcasting
 + Level 0.1 Conjurations
 + Level 0.1 Hexes
 + Level 0.1 Charms
 + Level 0.1 Summonings
 + Level 7.0 Necromancy
 + Level 0.1 Translocations
 + Level 0.1 Transmutations
 + Level 0.1 Fire Magic
 + Level 0.1 Ice Magic
 + Level 0.1 Air Magic
 + Level 0.1 Earth Magic
 + Level 0.1 Poison Magic
 + Level 0.2 Invocations
 + Level 0.1 Evocations


You had 8 spell levels left.
You knew the following spells:

 Your Spells              Type           Power        Failure   Level  Hunger
a - Pain                  Necr           ####         1%          1    None


Dungeon Overview and Level Annotations

Branches:
Dungeon (2/15)

Altars:
Zin


Innate Abilities, Weirdness & Mutations

Your experience applies equally to all skills.
You have very sharp teeth.
Your uncanny sense of smell can sniff out nearby items.


Message History

The hobgoblin writhes in agony!
Casting: Pain
Confirm with . or Enter, or press ? or * to list all spells.
Aiming: Pain
Press: ? - help, Shift-Dir - straight line, f/p - hobgoblin
Aim: a hobgoblin, wielding a club (severely wounded, chance to defeat MR: 93%)
The hobgoblin writhes in agony!
You kill the hobgoblin!
Found a scroll labeled JIAPPE NIVI.
You see here a scroll labeled JIAPPE NIVI.
As you read the scroll labeled JIAPPE NIVI, it crumbles to dust.
You assume a fearsome visage.
Nothing appears to happen.
It was a scroll of fear.
A frilled lizard comes into view.
Unknown command.
Casting: Pain
Confirm with . or Enter, or press ? or * to list all spells.
Aiming: Pain
Press: ? - help, Shift-Dir - straight line, f - frilled lizard
Aim: a frilled lizard (resting, chance to defeat MR: 93%)
The frilled lizard hisses angrily.
The frilled lizard writhes in agony!
You kill the frilled lizard!
A goblin comes into view. It is wielding a dagger.
Found a ration.
Casting: Pain
Confirm with . or Enter, or press ? or * to list all spells.
Aiming: Pain
Press: ? - help, Shift-Dir - straight line, f - goblin
Aim: a goblin, wielding a dagger (resting, chance to defeat MR: 93%)
The goblin shouts!
The goblin writhes in agony!
The goblin moves out of view.
Found 19 gold pieces.
Casting: Pain
Confirm with . or Enter, or press ? or * to list all spells.
Aiming: Pain
Press: ? - help, Shift-Dir - straight line, f/p - goblin
Aim: a goblin, wielding a dagger (severely wounded, chance to defeat MR: 93%)
The goblin barely resists.
Casting: Pain
Confirm with . or Enter, or press ? or * to list all spells.
Aiming: Pain
Press: ? - help, Shift-Dir - straight line, f/p - goblin
Aim: a goblin, wielding a dagger (heavily wounded, chance to defeat MR: 93%)
The goblin writhes in agony!
You kill the goblin!
A bat comes into view.
The bat moves out of view.
You see here a dagger.
e - a dagger Wield which item (- for none, * to show all)? (? for menu, Esc to quit)
e - a +0 dagger (weapon)
Found a metallic dark potion.
Unknown command.
Casting: Pain
Confirm with . or Enter, or press ? or * to list all spells.
Aiming: Pain
Press: ? - help, Shift-Dir - straight line, f - bat
Aim: a bat (chance to defeat MR: 93%)
The bat writhes in agony!
You kill the bat!
A goblin comes into view. It is wielding a club.
You see here a ration.
c - 2 rations (gained 1)
You see here a metallic dark potion.
It was a potion of flight.
You feel very buoyant.
You fly up into the air.
A kobold comes into view. It is wielding a whip.
The kobold shouts!
Found 15 gold pieces.
Casting: Pain
Confirm with . or Enter, or press ? or * to list all spells.
Aiming: Pain
Press: ? - help, Shift-Dir - straight line, f - kobold
Aim: a kobold, wielding a whip (chance to defeat MR: 93%)
The kobold writhes in agony!
You kill the kobold!
Things that are here:
a whip; a kobold corpse
Found a stone staircase leading down.
You see here 15 gold pieces.
You now have 15 gold pieces.
There is a stone staircase leading down here.
You fly downwards.
A rat comes into view.
There is a stone staircase leading up here.
Found 15 gold pieces.
Found a bubbling grey potion.
Found a faded altar of an unknown god.
Unknown command.
There is a faded altar of an unknown god here.
You cannot tell which god this altar belongs to.
Convert to them anyway?
Okay, then.
You cannot tell which god this altar belongs to.
Convert to them anyway?
Zin accepts your prayer! Zin welcomes you!
You pay a tithe of 1 gold.
You can now donate money to Zin.
You can now recite Zin's Axioms of Law.
Are you sure you want to abandon this character and quit the game? (Confirm with "yes".)

# ##.....#.#.#
#....#....#.
.....##.######.#
###.. #.#....# .
#. ##.###.# ##
#.##.#.#
###.###.. #...#
#... ###@# ..##
### !# #


There were no monsters in sight!

Vanquished Creatures
  2 bats (D:1)
  A goblin (D:1)
  A hobgoblin (D:1)
  A frilled lizard (D:1)
  A kobold (D:1)
6 creatures vanquished.

Notes
Turn   | Place    | Note
-------+----------+-------------------------------------------
     0 | D:1      | tidbits the Gnoll Necromancer began the quest for the Orb.
     0 | D:1      | Reached XP level 1. HP: 13/13 MP: 6/6
   110 | D:2      | Found a faded altar of an unknown god.
   113 | D:2      | Became a worshipper of Zin the Law-Giver
   113 | D:2      | Reached * piety under Zin
   114 | D:2      | Quit the game

Action                   || total
-------------------------++-------
 Cast: Pain              ||     9
  Use: Scroll            ||     1
       Potion            ||     1

Table legend:
 A = Turns spent in this place as a percentage of turns spent in the entire game.
 B = Non-inter-level travel turns spent in this place as a percentage of non-inter-level travel turns spent in the entire game.
 C = Inter-level travel turns spent in this place as a percentage of turns spent in this place.
 D = Turns resting spent in this place as a percentage of non-inter-level travel turns spent in this place.
 E = Turns spent auto-exploring this place as a percentage of non-inter-level travel turns spent in this place.
 F = Non-inter-level travel turns spent in this place divided by the number of levels of this place that you've seen.
                   A       B       C       D       E      F
               +-------+-------+-------+-------+-------+----------------------
         Total | 100.0 | 100.0 |   0.0 |   0.0 |   0.0 |  57.0
       Dungeon | 100.0 | 100.0 |   0.0 |   0.0 |   0.0 |  57.0
               +-------+-------+-------+-------+-------+----------------------

Table legend:
 A = Kills in this place as a percentage of kills in entire the game.
 B = Kills by you in this place as a percentage of kills by you in the entire game.
 C = Kills by friends in this place as a percentage of kills by friends in the entire game.
 D = Other kills in this place as a percentage of other kills in the entire game.
 E = Experience gained in this place as a percentage of experience gained in the entire game.
 F = Experience gained in this place divided by the number of levels of this place that you have seen.
                   A       B       C       D       E      F
               +-------+-------+-------+-------+-------+----------------------
         Total | 100.0 | 100.0 |   N/A |   N/A | 100.0 |   4.5
       Dungeon | 100.0 | 100.0 |   N/A |   N/A | 100.0 |   4.5
               +-------+-------+-------+-------+-------+----------------------

Vault maps used:
D:1:      dpeg_arrival_more_subterranean_lakeside_camping
D:2:      overflow_temple_1_default, chequers_ecumenical_altar_grove,
          first_ration, serial_bayou_pond_d, bh_chokoban
